 Dungeon Crawl Stone Soup version 0.25-a0-365-g7600c65aa0 (webtiles) character file.

Game seed: 13140983299505090584, levelgen mode: deterministic

89 kipponium the Chopper (level 4, -6/39 HPs)
             Began as a Naga Warper on Jan 5, 2020.
             Mangled by a gnoll
             ... wielding a +0 flail
              (7 damage)
             ... on level 4 of the Dungeon.
             The game lasted 00:07:11 (2958 turns).

kipponium the Chopper (Naga Warper)                 Turns: 2958, Time: 00:07:11

Health: -6/39      AC:  2    Str: 13 (14) XL:     4   Next: 55%
Magic:  7/7        EV:  9    Int: 11 (14) God:
Gold:   150        SH:  0    Dex:  7 (10) Spells: 7/7 levels left

rFire    . . .     SeeInvis +   a - +0 hand axe
rCold    . . .     Gourm    .   (no shield)
rNeg     . . .     Faith    .   b - +0 leather armour
rPois    +         Spirit   .   u - +0 hat
rElec    .         Reflect  .   (no cloak)
rCorr    .         Harm     .   (no gloves)
MR       .....                  (no barding)
Stlth    +.........             (no amulet)
HPRegen  0.13/turn              (no ring)
MPRegen  0.10/turn              (no ring)

@: short of breath, very slow
A: large, see invisible, deformed body, poison resistance, slowness 2, slow
metabolism 1, spit poison 1, AC +1
a: Spit Poison


You were on level 4 of the Dungeon.
You were not hungry.

You visited 1 branch of the dungeon, and saw 4 of its levels.

You collected 150 gold pieces.

Inventory:

Hand Weapons
 a - a +0 hand axe (weapon)
Missiles
 e - 5 boomerangs of dispersal (quivered)
Armour
 b - a +0 leather armour (worn)
 u - a +0 hat (worn)
Jewellery
 c - an uncursed ring of fire {unknown}
 s - an uncursed amulet of magic regeneration {unknown}
 w - a +4 amulet of reflection {unknown}
Scrolls
 d - 2 scrolls of blinking
 h - a scroll of enchant armour {unknown}
 i - 3 scrolls of teleportation {unknown}
 k - 3 scrolls of remove curse {unknown}
 n - a scroll of noise {unknown}
 o - a scroll of fog {unknown}
 p - 2 scrolls of identify {unknown}
 t - a scroll of fear {unknown}
Potions
 g - a potion of degeneration
 j - a potion of ambrosia {unknown}
 l - a potion of mutation {unknown}
 m - a potion of might {unknown}
 q - a potion of heal wounds {unknown}
 r - a potion of invisibility {unknown}
 v - a potion of flight {unknown}
Comestibles
 f - 8 rations
 x - a chunk of flesh


   Skills:
 - Level 2.0 Fighting
 + Level 4.6 Axes
 - Level 0.8 Throwing
 - Level 0.7 Armour
 - Level 1.5 Dodging
 - Level 2.0 Spellcasting
   Level 3.0 Translocations


You had 7 spell levels left.
You didn't know any spells.
Your spell library contained the following spells:

 Spells                   Type           Power        Failure   Level  Hunger
 Blink                    Tloc           N/A          16%         2    ###....
 Shroud of Golubria       Chrm/Tloc      #.....       30%         2    ###....
 Gell's Gravitas          Tloc           #.........   32%         3    ####...
 Lesser Beckoning         Tloc           #.........   32%         3    ####...
 Teleport Other           Tloc           #.......     32%         3    ####...
 Passage of Golubria      Tloc           N/A          71%         4    #####..


Dungeon Overview and Level Annotations

Branches:
Dungeon (4/15)
 Temple: D:4-7

Altars:
Ashenzari
Makhleb
Okawaru
Zin


Innate Abilities, Weirdness & Mutations

You cannot wear boots.
Your serpentine skin is tough. (AC +1)
You have supernaturally acute eyesight. (SInv)
Armour fits poorly on your strangely shaped body.
Your system is resistant to poisons. (rPois)
You cover ground very slowly.
You have a slow metabolism.
You can spit poison.


Message History

You feel slightly more hungry. The gnoll hits you but does no damage.
The gnoll hits you with a +0 flail.
The gnoll hits you from afar with a +0 spear.
You barely miss the gnoll.
The gnoll is heavily wounded.
You hit the gnoll but do no damage. The gnoll barely misses you.
The gnoll hits you with a +0 flail. The gnoll barely misses you.
You hit the gnoll.
The gnoll is almost dead.
You barely miss the gnoll. The gnoll hits you with a +0 club!
* * * LOW HITPOINT WARNING * * *
The gnoll hits you from afar with a +0 spear.
* * * LOW HITPOINT WARNING * * *
The gnoll hits you with a +0 flail.
* * * LOW HITPOINT WARNING * * *
It was a potion of degeneration.
There was something very wrong with that liquid.
You feel weakened.
You feel dopey.
You feel clumsy.
The gnoll barely misses you. x2; The gnoll hits you with a +0 flail!
You die...

... .# #..##.#
....... .......
. ......# ...
.......
.....###.......
.......@....#
....#..gg..## .
#..g...#
........#
...##....>#
..... #####...
..## .... ..
#..


You could see 3 gnolls.

Vanquished Creatures
  3 adders
  A worm (D:3)
  2 dart slugs (D:3)
  2 leopard geckos
  2 giant cockroaches (D:1)
  2 goblins (D:1)
  7 hobgoblins
  8 jackals
  6 kobolds
  2 ball pythons
  7 bats
  2 frilled lizards
  6 rats
50 creatures vanquished.

Notes
Turn   | Place    | Note
-------+----------+-------------------------------------------
     0 | D:1      | kipponium the Naga Warper began the quest for the Orb.
     0 | D:1      | Reached XP level 1. HP: 19/19 MP: 3/3
   318 | D:1      | Reached XP level 2. HP: 26/26 MP: 5/5
   560 | D:1      | Reached skill level 3 in Axes
   800 | D:1      | Reached XP level 3. HP: 32/32 MP: 6/6
  1380 | D:2      | Found a faded altar of an unknown god.
  1566 | D:2      | Noticed an Executioner
  1567 | D:2      | Found a burning altar of Makhleb.
  1570 | D:2      | Found a glowing silver altar of Zin.
  1570 | D:2      | Noticed an angel
  1677 | D:2      | Found a shattered altar of Ashenzari.
  2063 | D:3      | Reached skill level 4 in Axes
  2086 | D:3      | Reached XP level 4. HP: 28/39 MP: 7/7
  2533 | D:3      | Found an iron altar of Okawaru.
  2957 | D:4      | HP: 1/39 [gnoll/+0 flail (5)]
  2958 | D:4      | Mangled by a gnoll

Levels and vault maps discovered:
D:1:      tarquinn_simple_flora_water_a, layout_loops_cross,
          wad_floor_pattern_untrapped
D:2:      layout_loops_corners, grunt_temple_overflow_order_and_chaos_2,
          ashenzari_conservatory_becter, chequers_ecumenical_altar_twisty,
          minmay_fountain_box, grunt_decor_arrowhead
D:3:      layout_loops_ring, lemuel_doored_altar
D:4:      layout_cave_pools, serial_column_ruins, column_ruins_open_tiny,
          column_ruins_columns_straight, column_ruins_open_tiny,
          column_ruins_columns_straight, column_ruins_columns_straight,
          first_ration, uniq_ijyb, uniq_eustachio, uniq_menkaure

Skill      XL: |  1  2  3 |
---------------+----------+-----
Axes           | 3 4 |  4.6
Fighting       | |  2.0
Throwing       | |  0.8
Armour         | |  0.7
Dodging        | |  1.5
Spellcasting   | |  2.0
Translocations | |  3.0

Action                   |  1- 3 |  4- 6 || total
-------------------------+-------+-------++-------
Melee: Hand axe          |    55 |    35 ||    90
 Abil: Spit Poison       |    36 |    13 ||    49
  Use: Potion            |       |     1 ||     1
  Eat: Chunk             |     4 |     4 ||     8
Armor: Leather armour    |    12 |     7 ||    19
Dodge: Dodged            |    27 |    22 ||    49

Table legend:
 A = Non-vault XP
 B = Vault XP
 C = Vault XP percentage of total XP
 D = Non-vault monster count
 E = Vault monster count
 F = Vault count percentage of total count
                 A         B        C        D         E       F
            +---------+---------+-------+---------+---------+-------
      Total |     128 |       0 |   0.0 |      50 |       0 |   0.0
            +---------+---------+-------+---------+---------+-------
        D:1 |      41 |       0 |   0.0 |      23 |       0 |   0.0
        D:2 |      27 |       0 |   0.0 |      10 |       0 |   0.0
        D:3 |      60 |       0 |   0.0 |      17 |       0 |   0.0
            +---------+---------+-------+---------+---------+-------
